 Dungeon Crawl Stone Soup version 0.30.1-3-gfc49f6343a (webtiles) character file.

Game seed: 4001625504986044995

175185 cowcol the Slayer (level 17, 0/179 HPs)
             Began as a Minotaur Fighter on July 31, 2023.
             Was the Champion of Okawaru.
             Shot with an arrow by Nessos (10 damage)
             ... on level 15 of the Dungeon on Aug 2, 2023.
             The game lasted 02:29:16 (37915 turns).

cowcol the Slayer (Minotaur Fighter)               Turns: 37915, Time: 02:29:16

Health: 0/179      AC: 43    Str: 25    XL:     17   Next: 21%
Magic:  18/18      EV:  8    Int:  7    God:    Okawaru [******]
Gold:   2183       SH:  0    Dex: 10    Spells: 16/16 levels left

rFire   . . .        n - +7 battleaxe (protect)
rCold   + + .        (shield currently unavailable)
rNeg    . . .        c - +5 crystal plate armour {rC+}
rPois   .            (helmet unavailable)
rElec   .            S - +0 cloak
rCorr   .            C - +2 pair of gloves of Conscience {+Inv Will+}
SInv    .            Q - +1 pair of boots
Will    ++++.        e - amulet of regeneration Stlth
                     N - ring "Lyuten" {rC+ Will++}
HPRegen 1.29/turn    q - +4 ring of protection
MPRegen 0.16/turn

%: no passive effects
@: lethally poisoned (0 -> -3), invisible
A: horns 3, retaliatory headbutt, clumsy 1
}: 1/15 runes: decaying
a: Renounce Religion, Evoke Invisibility, Heroism, Finesse, Duel


You were on level 15 of the Dungeon.
You worshipped Okawaru.
Okawaru was exalted by your worship.
You visited 5 branches of the dungeon, and saw 27 of its levels.
You also visited: Ossuary and Ice Cave.

You collected 4212 gold pieces.
You spent 2029 gold pieces at shops.

Inventory:

Hand Weapons
 n - a +7 battleaxe of protection (weapon)
 o - the +1 broad axe "Rastrilys" {pain, Int+2}
   (Okawaru gifted it to you on level 5 of the Lair of Beasts)

   Int:       It affects your intelligence (+2).
 s - a +4 war axe of flaming
 u - the +2 executioner's axe of the Leaping Pariah {venom, rElec}
   (Okawaru gifted it to you on level 2 of the Orcish Mines)

   rElec:     It insulates you from electricity.
Missiles
 l - 31 poisoned darts (quivered)
 P - 6 javelins
Armour
 c - a +5 crystal plate armour of cold resistance (worn)
 C - the +2 pair of gloves of Conscience (worn) {+Inv Will+}
   (You bought it in a shop on level 5 of the Dungeon)

   +Inv:      It lets you turn invisible.
   Will:      It increases your willpower.
 I - the +0 hat of Jetaudidov {Str+2}
   (Okawaru gifted it to you in an ice cave)

   Str:       It affects your strength (+2).
 Q - a +1 pair of boots (worn)
 S - a +0 cloak (worn)
 U - a +2 buckler of cold resistance
 W - the +1 hat of Levity {Rampage Str+3 Dex+3 Stlth+}
   (You bought it in a shop on level 2 of the Orcish Mines)

   Str:       It affects your strength (+3).
   Dex:       It affects your dexterity (+3).
   Rampage:   It bestows one free step when moving towards enemies.
   Stlth:     It makes you more stealthy.
Jewellery
 e - an amulet of regeneration (around neck)
 j - the ring "Soihek" {rF+++ Str+3 Int-4 Slay+4}
   (You acquired it on level 12 of the Dungeon)

   [ring of slaying]

   Str:       It affects your strength (+3).
   Int:       It affects your intelligence (-4).
   Slay:      It affects your accuracy & damage with ranged weapons and melee
   (+4).
   rF:        It renders you almost immune to fire.
 m - a +6 ring of strength
 q - a +4 ring of protection (right hand)
 t - an amulet of the acrobat
 z - a ring of willpower
 E - a ring of poison resistance
 J - a ring of resist corrosion
 N - the ring "Lyuten" (left hand) {rC+ Will++}
   (You acquired it on level 6 of the Dungeon)

   [ring of protection from cold]

   rC:        It protects you from cold.
   Will:      It greatly increases your willpower.
 Y - a +5 ring of evasion
Wands
 d - a wand of digging (5)
 h - a wand of flame (15)
 k - a wand of polymorph (4)
 x - a wand of acid (14)
 M - a wand of mindburst (11)
 V - a wand of iceblast (41)
 Z - a wand of paralysis (34)
Scrolls
 b - 4 scrolls of identify
 g - 4 scrolls of fog
 i - 6 scrolls of fear
 p - 7 scrolls of teleportation
 v - 2 scrolls of immolation
 y - a scroll of magic mapping
 D - 6 scrolls of poison
Potions
 a - 2 potions of curing
 f - 7 potions of flight
 w - 2 potions of magic {unknown}
 A - 5 potions of lignification
 B - 3 potions of resistance
 F - 2 potions of mutation {unknown}
 G - 4 potions of cancellation
 H - a potion of invisibility
 L - 2 potions of might
 O - 6 potions of ambrosia
Miscellaneous
 K - a condenser vane


   Skills:
 + Level 23.0 Fighting
 + Level 21.4 Axes
 - Level 4.0 Throwing
 + Level 18.1 Armour
 - Level 6.0 Dodging
 - Level 4.3 Shields
 + Level 3.2 Invocations
 + Level 1.1 Evocations


You had 16 spell levels left.
You didn't know any spells.
Your spell library contained the following spells:

 Spells                   Type           Power      Damage    Failure   Level
 Apportation              Tloc           0%         N/A       100%        1
 Magic Dart               Conj           0%         1d3       100%        1
 Shock                    Conj/Air       0%         1d3       100%        1
 Slow                     Hex            0%         N/A       100%        1
 Ensorcelled Hibernation  Hex/Ice        0%         N/A       100%        2
 Passwall                 Tmut/Erth      0%         N/A       100%        2
 Confusing Touch          Hex            0%         N/A       100%        3
 Dazzling Flash           Conj/Hex       0%         N/A       100%        3
 Frozen Ramparts          Ice            0%         1d1       100%        3
 Mephitic Cloud           Conj/Pois/Air  0%         N/A       100%        3
 Ozocubu's Armour         Ice            0%         N/A       100%        3
 Portal Projectile        Hex/Tloc       0%         N/A       100%        3
 Swiftness                Air            0%         N/A       100%        3
 Vampiric Draining        Necr           0%         2d6       100%        3
 Vhi's Electric Charge    Tloc/Air       0%         N/A       100%        3
 Volatile Blastmotes      Fire/Tloc      0%         2d10      100%        3
 Airstrike                Air            0%         2d(0-16)  100%        4
 Ice Form                 Ice/Tmut       0%         N/A       100%        4
 Iskenderun's Mystic Bla  Conj/Tloc      0%         2d3       100%        4
 Leda's Liquefaction      Hex/Erth       0%         N/A       100%        4
 Manifold Assault         Tloc           0%         N/A       100%        4
 Petrify                  Tmut/Erth      0%         N/A       100%        4
 Alistair's Intoxication  Tmut/Pois      0%         N/A       100%        5
 Arcjolt                  Conj/Air       0%         1d10      100%        5
 Metabolic Englaciation   Hex/Ice        0%         N/A       100%        5
 Dispersal                Tloc           0%         N/A       100%        6
 Starburst                Conj/Fire      0%         6d3       100%        6
 Statue Form              Tmut/Erth      0%         N/A       100%        6
 Ozocubu's Refrigeration  Ice            0%         4d7       100%        7
 Storm Form               Tmut/Air       0%         N/A       100%        7
 Disjunction              Tloc           0%         N/A       100%        8
 Maxwell's Capacitive Co  Air            0%         ∞         100%        8
 Call Imp                 Summ           Unusable   N/A       N/A         2
 Call Canine Familiar     Summ           Unusable   N/A       N/A         3
 Summon Ice Beast         Ice/Summ       Unusable   N/A       N/A         4
 Summon Lightning Spire   Summ/Air       Unusable   N/A       N/A         4
 Simulacrum               Ice/Necr       Unusable   N/A       N/A         6

Dungeon Overview and Level Annotations

Branches:
Dungeon (15/15)            Temple (1/1) D:7            Lair (5/5) D:10
  Swamp (4/4) Lair:3        Snake (0/4) Lair:2        Slime (0/5) Lair:5
    Orc (2/2) D:11            Elf (0/3) Orc:2        Vaults (0/5) D:13
 Depths (0/4) D:15        Ossuary (visited)           IceCv (visited)

Altars:
Ashenzari
Cheibriados
Dithmenos
Elyvilon
Fedhas
Gozag
Hepliaklqana
Kikubaaqudgha
Makhleb
Nemelex Xobeh
Okawaru
Qazlal
Ru
Sif Muna
Trog
Uskayaw
Vehumet
Wu Jian
Xom
Yredelemnul
Zin
The Shining One

Shops:
D:3 [   D:5 [   Orc:2 :[[[

Portals:
Abyss: Swamp:1
Trove: D:14 (give +5 fire dragon scales)

Annotations:
D:12 exclusion: 4 oklob plants
D:15 Nessos
Lair:5 exclusion: obsidian statue
Swamp:1 2 transporters, sakkuzi's ghost, journeyman MiBe
Swamp:3 Roxanne


Innate Abilities, Weirdness & Mutations

You have a pair of large horns on your head.
You reflexively headbutt those who attack you in melee.
You are clumsy. (Dex -2)


Message History

You feel very sick.
Nessos shoots an arrow.
The arrow completely misses you.
Unknown command.
Throw: 32 darts (poison)
Press: ? - help, Q - select action, (/) - cycle Shift-Dir - straight line, f/p - Nessos
Aim: Nessos, wielding a +1 longbow of flaming and wearing a +2 barding of fire resistance (fast, very poisoned, 78% to hit)
You throw a poisoned dart. The poisoned dart hits Nessos!
Nessos looks as sick as possible!
You feel very sick.
Nessos gestures wildly while chanting.
Nessos blinks!
You feel very sick.
Nessos shoots an arrow.
The arrow hits you but does no damage.
Nessos shoots an arrow.
The arrow hits you but does no damage.
You feel very sick.
Nessos shoots an arrow.
The arrow hits you.
* * * LOW HITPOINT WARNING * * *
The arrow burns you.
You are more poisoned.
* * * LOW HITPOINT WARNING * * *
Nessos shoots an arrow.
The arrow hits you!
* * * LOW HITPOINT WARNING * * *
The arrow burns you.
You are more poisoned.
* * * LOW HITPOINT WARNING * * *
Nessos shoots an arrow.
The arrow hits you but does no damage.
You fade into invisibility!
You feel very sick.
Nessos unwields a +1 longbow of flaming.
It stops flaming.
Nessos hits you but does no damage. Nessos kicks you but does no damage.
You feel very sick.
You feel very sick.
Nessos wields a +1 longbow of flaming.
It bursts into flame!
Nessos shoots an arrow.
The arrow hits you but does no damage.
You feel very sick.
Nessos shoots an arrow.
Nessos pounds the earth with their hooves.
Nessos shoots an arrow. x2; The arrow hits you!
You die...

..# #. ..# ..# #.##.. ##.##..
.## #.#..##..#.##...##. .#
#....... #.......zu .#
#....#.##..#.....#. .#
#...##.... #.....## .# ##
#..##..#.##..#.#..# ## #)##
####.....##....##.##.. #
#..#####(...@..##(...##...##.
# #...##..###...c(........
... # #....#.##
#...##....##...##.
######......##
#....##....##.# ..
[............#
#.##..#.##..#.#..#
[.[.......[..# #..##.((.
#..... # .######......#
#...#.##..#.....#. .#
##....####......##(........
.# ##..........##..#.##...##.


You could see Nessos (fast, unable to see you, very poisoned).

Vanquished Creatures
  2 thorn hunters
  A fire giant (D:12)
  Donald (Orc:2)
  The ghost of jurchenman the Warrior, a journeyman MiBe of Trog (Orc:2)
  An azure jelly (Swamp:4)
  An orc warlord (Orc:2)
  A stone giant (D:15)
  A reaper (IceCv)
  2 green draconians (Swamp:1)
  5 eleionomae
  3 dire elephants (Lair:5)
  Azrael (Orc:2)
  6 bunyips
  Snorg (D:14)
  2 shambling mangroves
  A yaktaur captain (D:12)
  Erolcha (Orc:1)
  Fannar (D:12)
  6 hydras
  2 spriggan air magi (Swamp:3)
  An ogre mage (D:14)
  4 ghost crabs
  A catoblepas (Lair:3)
  3 centaur warriors
  2 anacondas (Lair:3)
  3 ice dragons (Swamp:4)
  15 alligators
  14 two-headed ogres
  7 tengu warriors
  6 boulder beetles
  4 death yaks (Lair:2)
  5 orc high priests (Orc:2)
  4 skeletal warriors
  A spectral anaconda (Lair:5)
  2 goliath frogs (Swamp:3)
  3 spriggan druids
  5 swamp dragons
  10 orc knights
  A lindwurm (Lair:5)
  2 bog bodies (Swamp:2)
  5 deep elf pyromancers
  5 orc sorcerers
  A deep elf zephyrmancer (D:13)
  5 necromancers
  6 ugly things
  5 will-o-the-wisps
  4 manticores
  10 cyclopes
  2 torpor snails (Lair:3)
  10 black mambas
  20 elephants
  4 gargoyles
  Maggie (D:5)
  A dire elephant zombie (Lair:5)
  13 cane toads
  6 freezing wraiths
  6 komodo dragons
  An anaconda simulacrum (IceCv)
  9 rime drakes
  A kobold demonologist (D:11)
  An ice devil (IceCv)
  11 trolls
  13 tyrant leeches
  A queen bee (D:11)
  A bloated husk (Swamp:3)
  4 polar bears
  3 meliai
  8 hornets
  A spectral elephant (Lair:5)
  24 blink frogs
  2 centaur simulacra (D:11)
  6 slime creatures
  3 spriggans
  2 vampires
  43 yaks
  2 shadows
  2 wraiths
  4 wyverns
  8 basilisks
  2 fire elementals (Orc:2)
  4 death yak simulacra
  A golden eye (shapeshifter) (D:14)
  A steam dragon (D:7)
  4 vampire mosquitoes (Swamp:3)
  6 wargs
  Menkaure (D:6)
  5 swamp worm simulacra (Swamp:4)
  12 swamp worms
  An acid dragon (D:12)
  17 water moccasins
  Duvessa (D:5)
  2 hell hounds (Orc:2)
  15 hydra simulacra
  A water moccasin (shapeshifter) (D:11)
  34 orc warriors
  4 swamp drakes
  6 black bears
  An elephant zombie (Lair:5)
  An ice beast (D:6)
  5 centaurs
  2 elephant skeletons (Lair:5)
  19 wolves
  7 ogres
  4 phantoms
  A kobold brigand (D:7)
  Blork the orc (D:6)
  13 bullfrogs
  2 gnoll sergeants
  3 scorpions
  5 two-headed ogre simulacra (IceCv)
  2 cane toad simulacra
  8 wights
  Dowan (D:5)
  4 elephant simulacra (IceCv)
  39 killer bees
  3 howler monkeys
  2 electric eels
  4 centaur zombies (Ossuary)
  A jelly (D:7)
  26 orc priests
  2 gnoll boudas (D:6)
  6 hounds
  A sleepcap (D:5)
  19 orc wizards
  6 hell rats
  7 troll simulacra (IceCv)
  A polar bear simulacrum (IceCv)
  4 spriggan simulacra (IceCv)
  3 wolf simulacra (IceCv)
  7 mummies
  10 adders
  27 gnolls
  2 river rats (Lair:5)
  5 naga simulacra (IceCv)
  A shadow imp (D:5)
  25 white imps
  3 swamp drake simulacra (Swamp:4)
  8 ufetubi
  7 worms
  A dart slug (D:3)
  82 orcs
  7 endoplasms
  4 giant cockroaches
  4 goblins
  14 hobgoblins
  3 jackals (D:3)
  5 quokkas
  6 ball pythons
  7 bats
  2 frilled lizards
  3 hobgoblin zombies (Ossuary)
  16 kobolds
  18 rats
974 creatures vanquished.

Vanquished Creatures (others)
  A bunyip (Swamp:1)
  A hydra (Swamp:3)
  A spriggan (Swamp:2)
  A spriggan druid (Swamp:4)
  A swamp dragon (Swamp:3)
  6 bloated husks
  A tyrant leech (Swamp:2)
  A hornet (Swamp:2)
  A swamp worm (Swamp:2)
  A swamp drake (Swamp:2)
  3 orcs
  27 foxfires
45 creatures vanquished.

Grand Total: 1019 creatures vanquished

Notes
Turn   | Place    | Note
-------+----------+-------------------------------------------
     0 | D:1      | cowcol the Minotaur Fighter began the quest for the Orb.
     0 | D:1      | Reached XP level 1. HP: 19/19 MP: 0/0
   330 | D:1      | Reached XP level 2. HP: 27/27 MP: 1/1
   733 | D:2      | Reached skill level 4 in Fighting
   780 | D:2      | Reached XP level 3. HP: 33/33 MP: 2/2
   835 | D:2      | Reached XP level 4. HP: 38/41 MP: 3/3
   862 | D:2      | Identified a scroll of acquirement
   863 | D:2      | Acquired 868 gold pieces
  1180 | D:3      | Found Ezopam's Armour Boutique.
  1447 | D:3      | Found a shimmering altar of Xom.
  1520 | D:3      | Reached skill level 1 in Throwing
  1520 | D:3      | Reached XP level 5. HP: 44/47 MP: 4/4
  1604 | D:3      | Reached skill level 5 in Armour
  1647 | D:3      | Found a basalt altar of Yredelemnul.
  1677 | D:3      | Identified the +4 dagger of Valuable Assets {flame, Int+3}
  2457 | D:4      | Reached skill level 5 in Axes
  2457 | D:4      | Reached XP level 6. HP: 53/55 MP: 5/5
  2467 | D:4      | Found a glowing golden altar of the Shining One.
  2530 | D:4      | Found a sacrificial altar of Ru.
  2579 | D:4      | Reached skill level 5 in Fighting
  3045 | D:5      | Entered Level 5 of the Dungeon
  3059 | D:5      | Reached XP level 7. HP: 36/61 MP: 6/6
  3165 | D:5      | Found a blossoming altar of Fedhas.
  3253 | D:5      | Found an ornate altar of the Wu Jian Council.
  3267 | D:5      | Noticed Dowan
  3268 | D:5      | Noticed Duvessa
  3274 | D:5      | Killed Duvessa
  3280 | D:5      | Killed Dowan
  3303 | D:5      | Found an ancient bone altar of Kikubaaqudgha.
  3303 | D:5      | Found Pitropt's Armour Shop.
  3310 | D:5      | Bought the +2 pair of gloves of Conscience {+Inv Will+} for
                  | 477 gold pieces
  3565 | D:5      | Reached XP level 8. HP: 69/69 MP: 7/7
  3743 | D:5      | Found a sparkling altar of Nemelex Xobeh.
  3776 | D:6      | Noticed Maggie
  3795 | D:5      | Killed Maggie
  3796 | D:5      | Reached skill level 6 in Fighting
  3982 | D:6      | Noticed Blork the orc
  3986 | D:6      | Killed Blork the orc
  4009 | D:6      | Found a sand-covered staircase.
  4014 | Ossuary  | Entered an ossuary
  4037 | Ossuary  | Reached skill level 10 in Axes
  4275 | D:6      | Noticed a moth of wrath
  4279 | D:6      | Found a bloodstained altar of Trog.
  4397 | D:6      | Reached XP level 9. HP: 78/78 MP: 8/8
  4463 | D:6      | Found a shadowy altar of Dithmenos.
  4520 | D:6      | Noticed Menkaure
  4527 | D:6      | Killed Menkaure
  4571 | D:6      | Acquired the ring "Lyuten" {rC+ Will++}
  4604 | D:6      | Found a shimmering blue altar of Sif Muna.
  4673 | D:6      | Found an opulent altar of Gozag.
  4895 | D:7      | Found a hide-covered altar of Uskayaw.
  4918 | D:7      | Reached skill level 7 in Fighting
  4987 | D:7      | Found a staircase to the Ecumenical Temple.
  4987 | D:7      | You fall into a shaft and drop 3 floors!
  4987 | D:10     | Entered Level 10 of the Dungeon
  5097 | D:8      | Noticed a boulder beetle
  5501 | D:8      | Killed a boulder beetle
  5502 | D:8      | Reached skill level 8 in Fighting
  5539 | Temple   | Entered the Ecumenical Temple
  5681 | D:7      | Reached XP level 10. HP: 87/89 MP: 9/9
  5736 | D:7      | Found a snail-covered altar of Cheibriados.
  6129 | D:7      | Found an iron altar of Okawaru.
  6134 | D:7      | Became a worshipper of Warmaster Okawaru
  6161 | D:7      | Found a radiant altar of Vehumet.
  6293 | D:8      | Found a burning altar of Makhleb.
  6740 | D:8      | Reached * piety under Okawaru
  6741 | D:8      | Reached skill level 9 in Fighting
  6989 | D:8      | Found a glowing silver altar of Zin.
  6989 | D:8      | Found a broken altar of Ashenzari.
  7384 | D:9      | Noticed a two-headed ogre
  7395 | D:9      | Killed a two-headed ogre
  7508 | D:9      | Reached ** piety under Okawaru
  7517 | D:9      | Reached skill level 10 in Armour
  7537 | D:9      | Reached skill level 15 in Axes
  7624 | D:9      | Reached XP level 11. HP: 92/99 MP: 10/10
  7734 | D:9      | Found a white marble altar of Elyvilon.
  8058 | D:10     | Reached skill level 10 in Fighting
  8162 | D:10     | Reached *** piety under Okawaru
  8341 | D:10     | Found a staircase to the Lair.
  8412 | D:10     | Found a hazy altar of Hepliaklqana.
  8703 | D:10     | Identified the +5 ring mail of a wizard's laboratory
                  | {Contam rN+ Stlth+}
  8949 | Lair:1   | Entered Level 1 of the Lair of Beasts
  8967 | Lair:1   | Reached **** piety under Okawaru
  9257 | Lair:1   | Reached skill level 11 in Fighting
  9948 | Lair:2   | Noticed a death yak
  9949 | Lair:2   | Noticed a death yak
  9964 | Lair:2   | Noticed a death yak
  9965 | Lair:2   | Noticed a death yak
  9971 | Lair:2   | Killed a death yak
  9978 | Lair:2   | Killed a death yak
  9985 | Lair:2   | Killed a death yak
  9985 | Lair:2   | Reached ***** piety under Okawaru
  9991 | Lair:2   | Killed a death yak
  9992 | Lair:2   | Reached XP level 12. HP: 55/112 MP: 11/11
 10021 | Lair:2   | Reached skill level 12 in Fighting
 10169 | Lair:2   | Found a staircase to the Snake Pit.
 10278 | Lair:2   | Reached skill level 1 in Dodging
 10668 | Lair:2   | Identified the +5 ring mail "Linwir" {Int+2} (Okawaru
                  | gifted it to you on level 2 of the Lair of Beasts)
 10668 | Lair:2   | Received a gift from Okawaru
 11217 | Lair:3   | Found a staircase to the Swamp.
 11269 | Lair:3   | Reached skill level 13 in Fighting
 11502 | Lair:3   | Noticed a catoblepas
 11518 | Lair:3   | Killed a catoblepas
 11519 | Lair:3   | Reached skill level 1 in Invocations
 11634 | Lair:3   | Noticed an anaconda
 11643 | Lair:3   | Killed an anaconda
 11708 | Lair:3   | Noticed an alligator
 11719 | Lair:3   | Killed an alligator
 11877 | Lair:3   | Reached skill level 14 in Fighting
 12121 | Lair:3   | Noticed an alligator
 12122 | Lair:3   | Noticed an anaconda
 12132 | Lair:3   | Killed an anaconda
 12143 | Lair:3   | Killed an alligator
 12311 | Lair:3   | Reached XP level 13. HP: 121/125 MP: 13/13
 12639 | Lair:3   | Received a gift from Okawaru
 13017 | Lair:4   | Reached skill level 15 in Fighting
 13034 | Lair:4   | Found a frozen archway.
 13095 | IceCv    | Entered an ice cave
 13358 | IceCv    | Identified the +0 hat of Jetaudidov {Str+2} (Okawaru gifted
                  | it to you in an ice cave)
 13358 | IceCv    | Received a gift from Okawaru
 13457 | IceCv    | Noticed a reaper
 13491 | IceCv    | Killed a reaper
 14931 | Lair:4   | Reached skill level 16 in Fighting
 15124 | Lair:4   | Reached skill level 1 in Evocations
 15359 | Lair:5   | Entered Level 5 of the Lair of Beasts
 16326 | Lair:5   | Identified the +1 broad axe "Rastrilys" {pain, Int+2}
                  | (Okawaru gifted it to you on level 5 of the Lair of Beasts)
 16326 | Lair:5   | Received a gift from Okawaru
 16341 | Lair:5   | Reached skill level 17 in Fighting
 16580 | Lair:5   | Reached XP level 14. HP: 115/140 MP: 14/14
 17155 | Lair:5   | Found a staircase to the Slime Pits.
 17681 | Lair:5   | Received a gift from Okawaru
 17926 | Lair:5   | Reached skill level 18 in Fighting
 18611 | D:11     | Found a staircase to the Orcish Mines.
 18730 | D:11     | Got the +2 broad axe of Indignation {freeze, Fragile rC+
                  | Str+2 Int+2}
 19199 | D:12     | Reached skill level 19 in Fighting
 19968 | D:12     | Noticed a fire giant
 20338 | D:12     | Killed a fire giant
 20785 | D:12     | Received a gift from Okawaru
 20973 | D:12     | Reached skill level 20 in Fighting
 21343 | D:12     | Acquired the ring "Soihek" {rF+++ Str+3 Int-4 Slay+4}
 21380 | D:12     | Noticed Fannar
 21394 | D:12     | Killed Fannar
 21397 | D:12     | Reached XP level 15. HP: 150/156 MP: 15/15
 22089 | Orc:1    | Entered Level 1 of the Orcish Mines
 22472 | Orc:2    | Entered Level 2 of the Orcish Mines
 22529 | Orc:2    | Noticed Erolcha
 23140 | Orc:1    | Killed Erolcha
 23341 | Orc:2    | Noticed Azrael
 23356 | Orc:2    | Killed Azrael
 23612 | Orc:2    | Reached skill level 15 in Armour
 24094 | Orc:2    | Identified the +2 executioner's axe of the Leaping Pariah
                  | {venom, rElec} (Okawaru gifted it to you on level 2 of the
                  | Orcish Mines)
 24094 | Orc:2    | Received a gift from Okawaru
 24175 | Orc:2    | Found a staircase to the Elven Halls.
 24190 | Orc:1    | Reached skill level 5 in Dodging
 24294 | Orc:1    | Reached skill level 21 in Fighting
 24915 | Orc:2    | Found a runed translucent gate.
 24915 | Orc:2    | Found a runed translucent gate.
 24916 | Orc:2    | Found a runed translucent gate.
 24916 | Orc:2    | Noticed jurchenman's ghost (journeyman MiBe)
 24991 | Orc:2    | Found Luhein's Antique Armour Shop.
 24991 | Orc:2    | Found Obufut's Book Shop.
 24992 | Orc:2    | Found Anoloimp's Antique Armour Boutique.
 24992 | Orc:2    | Found Gimics's Armour Shop.
 25010 | Orc:2    | Bought a runed plate armour for 1014 gold pieces
 25010 | Orc:2    | Bought a polished hat for 351 gold pieces
 25010 | Orc:2    | Identified the +1 hat of Levity {Rampage Str+3 Dex+3
                  | Stlth+} (You bought it in a shop on level 2 of the Orcish
                  | Mines)
 25292 | Orc:2    | Noticed Donald
 25301 | Orc:2    | Killed Donald
 25673 | D:13     | Identified the +4 plate armour of the True Pharaoh {Dex+5}
                  | (Okawaru gifted it to you on level 13 of the Dungeon)
 25673 | D:13     | Received a gift from Okawaru
 26080 | D:13     | Found a gate to the Vaults.
 26712 | D:14     | Found a portal to a secret trove of treasure.
 26749 | D:14     | Found a hide-covered altar of Uskayaw.
 26867 | D:14     | Noticed Snorg
 26879 | D:14     | Killed Snorg
 27261 | D:14     | Found a radiant altar of Vehumet.
 27487 | Swamp:1  | Entered Level 1 of the Swamp
 27539 | Swamp:1  | HP: 3/160 [poison (poison gas)]
 27929 | Orc:2    | Killed jurchenman's ghost
 28116 | Swamp:1  | Found a transporter.
 28130 | Swamp:1  | Found a transporter.
 28139 | Swamp:1  | Noticed a tentacled starspawn
 28139 | Swamp:1  | Noticed a daeva
 28177 | Swamp:1  | Reached XP level 16. HP: 148/168 MP: 17/17
 28224 | Swamp:1  | Found a one-way gate to the infinite horrors of the Abyss.
 28779 | Orc:2    | Bought a pair of runed gloves for 187 gold pieces
 29033 | Swamp:1  | Noticed sakkuzi's ghost (journeyman MiBe)
 29299 | Swamp:1  | Gained mutation: You have a pair of large horns on your
                  | head. [mutagenic glow]
 29308 | Swamp:1  | Gained mutation: You are clumsy. (Dex -2) [mutagenic glow]
 29976 | Swamp:1  | Received a gift from Okawaru
 30518 | Swamp:2  | Reached skill level 22 in Fighting
 31102 | Swamp:3  | HP: 8/170 [bunyip (23)]
 31499 | Swamp:3  | Noticed Roxanne
 31898 | Swamp:3  | Noticed a thorn hunter
 31913 | Swamp:3  | Reached ****** piety under Okawaru
 31919 | Swamp:3  | Killed a thorn hunter
 32271 | Swamp:4  | Entered Level 4 of the Swamp
 32274 | Swamp:4  | Noticed a thorn hunter
 32474 | Swamp:4  | Received a gift from Okawaru
 32539 | Swamp:4  | Killed a thorn hunter
 34550 | Swamp:4  | Received a gift from Okawaru
 35806 | Swamp:4  | Got a decaying rune of Zot
 36271 | D:15     | Entered Level 15 of the Dungeon
 36897 | D:15     | Reached XP level 17. HP: 178/178 MP: 18/18
 36898 | D:15     | Found a staircase to the Depths.
 37277 | D:15     | Noticed Nessos
 37666 | D:15     | Reached skill level 23 in Fighting
 37915 | D:15     | Shot with an arrow by Nessos

Illustrated notes

Levels and vault maps discovered:
D:1:      lightli_iron_boxes, layout_rooms
D:2:      layout_rooms
D:3:      kennysheep_six_static_rooms, layout_basic,
          mainiacjoe_overflow_alcove_4, mainiacjoe_overflow_surrounded_room,
          serial_shops, shop, chequers_serial_rivers_marsh, saegor_snake_ambush
D:4:      layout_layer_cave, mainiacjoe_overflow_paths,
          nicolae_tso_swordbearing_angel, nicolae_underground_beach
D:5:      layout_gridville, nemelex_dance_club_becter, fedhas_ov_isle_minmay,
          lemuel_round_altar, nzn_wu_jian_contemplation, serial_shops, shop,
          amcnicky_mini_pool_medium, uniq_duvessa
D:6:      layout_basic, mainiacjoe_overflow_24_doors, tgw_trog,
          kennysheep_mini_moat, old_standard_altar, enter_ossuary_2,
          uniq_grinder, uniq_maggie, uniq_menkaure, uniq_blork_the_orc
D:7:      layout_basic, slow_altar_2, amcnicky_altar_gilded,
          mainiacjoe_overflow_two_lobes, temple_pool_b
D:8:      layout_loops_ring, lightli_temple_of_fire,
          nicolae_overflow_two_pavilions, minmay_chambers_of_fives
D:9:      layout_basic, mainiacjoe_overflow_small_starburst
D:10:     layout_gridville, lemuel_crystal_altar, due_lair_maze_entry_diamond,
          nicolae_twisting_strands
D:11:     minmay_coctagon, layout_basic, minmay_orc_entry_temple_small
D:12:     hangedman_what_comes_after_a, layout_irregular_city, uniq_fannar
D:13:     layout_basic, david_vaults_1
D:14:     layout_gridville, enter_trove_0, nicolae_vehumet_altar_sigil,
          grunt_decor_arrowhead, nicolae_uskayaw_murder_on_the_dancefloor,
          uniq_snorg
D:15:     grunt_enter_depths_snipers, layout_layer_cave, nicolae_wwwww,
          uniq_nessos
Temple:   ebering_the_one_and_only
Lair:1:   layout_cave_pods, serial_bayou_ford_a, grunt_megastairs_4
Lair:2:   layout_loops_ring, dummy_snake_entry, infiniplex_staircase_pool_2
Lair:3:   layout_cave_pods, swamp_mist, nicolae_lair_lakeside_cave
Lair:4:   layout_big_grid, portal_ice_cave_entry_imps
Lair:5:   due_jungle_book, layout_cave_pods, dpeg_slime_entry_enclosed,
          kennysheep_abandoned_house, lemuel_fruit_fields
Swamp:1:  layout_basic_swamp, gammafunk_ghost_abyssal_escape,
          evilmike_swamp_ruin_house_4, swamp_pool2, hangedman_swamp_dais
Swamp:2:  layout_basic_swamp, evilmike_swamp_ruin_rubble_2, swamp_pool3
Swamp:3:  nicolae_swamp_husk_halls, layout_falls_marsh,
          evilmike_swamp_ruin_house_5, swamp_pool4, uniq_roxanne
Swamp:4:  swamp_icy, layout_basic_swamp
Orc:1:    cheibrodos_orc_bank, layout_caves
Orc:2:    st_orc_pillars, layout_diamond_mine, ebering_ghost_rock_garden,
          uniq_donald, uniq_azrael, uniq_erolcha

Skill      XL: |  1  2  3  4  5  6  7  8  9 10 11 12 13 14 15 16 17 |
---------------+----------------------------------------------------+-----
Shields        | 4 |  4.3
Armour         | 4 5 6 7 8 10 12 14 16 17 18 | 18.1
Fighting       | 4 5 6 8 9 11 14 17 20 21 22 23 | 23.0
Axes           | 3 4 5 6 8 10 13 15 16 18 19 21 | 21.4
Throwing       | 1 2 3 4 |  4.0
Dodging        | 1 4 6 |  6.0
Invocations    | 1 2 3 |  3.2
Evocations     | 1 |  1.1

Action                     |  1- 3 |  4- 6 |  7- 9 | 10-12 | 13-15 | 16-18 || total
---------------------------+-------+-------+-------+-------+-------+-------++-------
  Melee: War axe           |    60 |   133 |   208 |   562 |   386 |   346 ||  1695
         Headbutt          |     7 |    19 |    41 |   113 |   344 |   129 ||   653
         Broad axe         |       |       |       |       |   731 |       ||   731
         Executioner's axe |       |       |       |       |   205 |   105 ||   310
         Battleaxe         |       |       |       |       |       |   104 ||   104
         Punch             |       |       |       |       |       |     1 ||     1
  Throw: Dart              |    10 |     9 |     2 |    59 |    27 |     6 ||   113
 Invoke: Heroism           |       |       |       |     7 |    16 |     7 ||    30
Ability: Evoke Invisibilit |       |       |       |       |     1 |       ||     1
  Evoke: Wand              |       |       |       |       |     4 |     1 ||     5
    Use: Scroll            |     4 |     4 |     9 |     8 |    15 |    17 ||    57
         Potion            |     1 |     1 |     3 |     4 |     4 |    15 ||    28
   Stab: Invisible         |       |       |       |       |     4 |     1 ||     5
 Armour: Scale mail        |    27 |    56 |     7 |       |       |       ||    90
         Ring mail         |       |       |    91 |       |       |       ||    91
         Plate armour      |       |       |       |   277 |   103 |       ||   380
         Crystal plate arm |       |       |       |       |   780 |   643 ||  1423
  Dodge: Dodged            |    21 |    73 |   100 |   165 |   431 |   227 ||  1017
  Block: Buckler           |    14 |    29 |    53 |    72 |   330 |    95 ||   593
